TOP OF THE 1ST |
Oklahoma City Dodgers batting - Pitching for New Orleans Zephyrs : RHP Pat Proctor
|
Pitching: RHP Pat Proctor
|
|
Batting: LHB Frank Mullen
|
0-0: Called Strike 0-1: Ground out 6-3 (Groundball, 6M, EV 86.2 MPH)
|
Batting: RHB Jeremy Giesler
|
0-0: Foul Ball, location: 2F 0-1: Foul Ball, location: 2F 0-2: Foul Ball, location: 2F 0-2: Strikes out looking
|
Batting: LHB Kevin Wiebe
|
0-0: Ground out U3 (Groundball, 3S, EV 84.4 MPH)
|
Top of the 1st over - 0 runs, 0 hits, 0 errors, 0 left on base; Oklahoma City 0 - New Orleans 0 |
BOTTOM OF THE 1ST |
New Orleans Zephyrs batting - Pitching for Oklahoma City Dodgers : RHP Eddie Usrey
|
Pitching: RHP Eddie Usrey
|
|
Batting: RHB Torquato Obawole
|
0-0: Foul Ball, location: 2F 0-1: Foul Ball, location: 2F 0-2: Ball 1-2: Ground out 5-3 (Groundball, 56, EV 90.6 MPH)
|
Batting: LHB Carlos Mosqueda
|
0-0: Ball 1-0: Ball 2-0: Fly out, F7 (Flyball, 7, EV 87.5 MPH)
|
Batting: RHB Alex Gomez
|
0-0: Ball 1-0: Called Strike 1-1: Foul Ball, location: 2F 1-2: Fly out, F8 (Line Drive, 8LM, EV 95.6 MPH)
|
Bottom of the 1st over - 0 runs, 0 hits, 0 errors, 0 left on base; Oklahoma City 0 - New Orleans 0 |
TOP OF THE 2ND |
Oklahoma City Dodgers batting - Pitching for New Orleans Zephyrs : RHP Pat Proctor
|
Batting: RHB David Rodgers
|
0-0: Ball 1-0: Ball 2-0: Ball 3-0: DOUBLE (Flyball, 8RXD, EV 95.0 MPH)
|
Batting: RHB Alex Mejia
|
0-0: Foul Ball, location: 2F 0-1: Foul Ball, location: 2F 0-2: Ball 1-2: Foul Ball, location: 2F 1-2: Ball 2-2: SINGLE (Line Drive, 78S, EV 101.9 MPH) David Rodgers to third
|
Batting: RHB Blake Beale
|
0-0: Called Strike 0-1: Ball 1-1: Ball 2-1: Ball 3-1: Fly out, F9 (Flyball, 9, EV 81.2 MPH)
|
Batting: RHB Dave Cordero
|
0-0: Ball 1-0: Ball 2-0: Ball 3-0: Grounds into double play, 4-6-3 (Groundball, 4M, EV 85.0 MPH)
|
Top of the 2nd over - 0 runs, 2 hits, 0 errors, 1 left on base; Oklahoma City 0 - New Orleans 0 |
BOTTOM OF THE 2ND |
New Orleans Zephyrs batting - Pitching for Oklahoma City Dodgers : RHP Eddie Usrey
|
Batting: RHB Alex Ramirez
|
0-0: Ball 1-0: Foul Ball, location: 2F 1-1: Ball 2-1: Called Strike 2-2: Ball 3-2: Base on Balls
|
Batting: RHB Omar Contreras
|
0-0: Ball 1-0: Called Strike 1-1: Swinging Strike 1-2: Foul Ball, location: 2F 1-2: Ball 2-2: Ball 3-2: Strikes out looking
|
Batting: RHB Bill de Jesus
|
0-0: Ball 1-0: SINGLE (Groundball, 56D, EV 96.2 MPH) Alex Ramirez to second
|
Batting: RHB Pat Peterson
|
0-0: Foul Ball, location: 2F 0-1: Fielders Choice at 2nd, 5-4 (Groundball, 5D, EV 100.6 MPH) Alex Ramirez to third
|
Batting: LHB Adrian Young
|
0-0: Ground out 4-3 (Groundball, 34, EV 87.5 MPH)
|
Bottom of the 2nd over - 0 runs, 1 hit, 0 errors, 2 left on base; Oklahoma City 0 - New Orleans 0 |
TOP OF THE 3RD |
Oklahoma City Dodgers batting - Pitching for New Orleans Zephyrs : RHP Pat Proctor
|
Batting: RHB Ashton Crenshaw
|
0-0: Ball 1-0: Ball 2-0: Foul Ball, location: 2F 2-1: Foul Ball, location: 2F 2-2: Foul Ball, location: 2F 2-2: Ball 3-2: Base on Balls
|
Batting: RHB Josh Kimbrell
|
0-0: Ball 1-0: Ball 2-0: Called Strike 2-1: Ball 3-1: Foul Ball, location: 2F 3-2: Strikes out swinging
|
Batting: LHB Frank Mullen
|
0-0: Foul Ball, location: 2F 0-1: Ball 1-1: Fielders Choice at 2nd, 6-4 (Groundball, 6M, EV 87.5 MPH)
|
Batting: RHB Jeremy Giesler
|
0-0: Called Strike Frank Mullen steals 2nd base 0-1: Foul Ball, location: 2F 0-2: SINGLE (Groundball, 34D, EV 96.9 MPH) Frank Mullen to third Runner from 3rd tries for Home, SAFE, throw by RF to home Jeremy Giesler to second
|
Batting: LHB Kevin Wiebe
|
0-0: Ball 1-0: Swinging Strike 1-1: Ball 2-1: Ball 3-1: 2-RUN HOME RUN (Flyball, 78XD, EV 105.0 MPH), Distance : 417 ft
|
Batting: RHB David Rodgers
|
0-0: Ball 1-0: Ball 2-0: Foul Ball, location: 2F 2-1: Ball 3-1: Base on Balls
|
Batting: RHB Alex Mejia
|
0-0: Ball 1-0: Called Strike 1-1: Fly out, F3 (Line Drive, 3, EV 70.6 MPH)
|
Top of the 3rd over - 3 runs, 2 hits, 0 errors, 1 left on base; Oklahoma City 3 - New Orleans 0 |
BOTTOM OF THE 3RD |
New Orleans Zephyrs batting - Pitching for Oklahoma City Dodgers : RHP Eddie Usrey
|
Batting: RHB Jesus Castillo
|
0-0: Ball 1-0: Called Strike 1-1: Ball 2-1: Foul Ball, location: 2F 2-2: Ball 3-2: SINGLE (Groundball, 6MD, EV 96.9 MPH)
|
Batting: RHB Torquato Obawole
|
0-0: Called Strike 0-1: Ball 1-1: Ball 2-1: Foul Ball, location: 2F 2-2: Ball 3-2: Foul Ball, location: 2F 3-2: Base on Balls Jesus Castillo to second
|
Batting: LHB Carlos Mosqueda
|
0-0: Called Strike 0-1: Grounds into double play, 4-6-3 (Groundball, 34, EV 83.1 MPH) Jesus Castillo to third
|
Batting: RHB Alex Gomez
|
0-0: Ball 1-0: Called Strike 1-1: Ball 2-1: Ground out 6-3 (Groundball, 6, EV 81.9 MPH)
|
Bottom of the 3rd over - 0 runs, 1 hit, 0 errors, 1 left on base; Oklahoma City 3 - New Orleans 0 |
TOP OF THE 4TH |
Oklahoma City Dodgers batting - Pitching for New Orleans Zephyrs : RHP Pat Proctor
|
Batting: RHB Blake Beale
|
0-0: Called Strike 0-1: Called Strike 0-2: Ball 1-2: Reached on error, E3 (Line Drive, 3, EV 65.6 MPH)
|
Batting: RHB Dave Cordero
|
0-0: Ball 1-0: Called Strike 1-1: Ball 2-1: Foul Ball, location: 2F 2-2: Ball 3-2: Strikes out swinging Blake Beale is caught stealing 2nd base 2-4 Batter strikes out.
|
Batting: RHB Ashton Crenshaw
|
0-0: Called Strike 0-1: Ball 1-1: Ball 2-1: Fly out, F3 (Popup, 23F, EV 85.0 MPH)
|
Top of the 4th over - 0 runs, 0 hits, 1 error, 0 left on base; Oklahoma City 3 - New Orleans 0 |
BOTTOM OF THE 4TH |
New Orleans Zephyrs batting - Pitching for Oklahoma City Dodgers : RHP Eddie Usrey
|
Batting: RHB Alex Ramirez
|
0-0: Called Strike 0-1: Ground out 5-3 (Groundball, 56S, EV 84.4 MPH)
|
Batting: RHB Omar Contreras
|
0-0: Fly out, F9 (Line Drive, 9D, EV 103.8 MPH)
|
Batting: RHB Bill de Jesus
|
0-0: Fly out, F8 (Flyball, 8LD, EV 98.8 MPH)
|
Bottom of the 4th over - 0 runs, 0 hits, 0 errors, 0 left on base; Oklahoma City 3 - New Orleans 0 |
TOP OF THE 5TH |
Oklahoma City Dodgers batting - Pitching for New Orleans Zephyrs : RHP Pat Proctor
|
Batting: RHB Josh Kimbrell
|
0-0: Called Strike 0-1: Ground out 1-3 (Groundball, 13S, EV 69.4 MPH)
|
Batting: LHB Frank Mullen
|
0-0: Foul Ball, location: 2F 0-1: Ball 1-1: Swinging Strike 1-2: Ground out 6-3 (Groundball, 4M, EV 78.8 MPH)
|
Batting: RHB Jeremy Giesler
|
0-0: Ball 1-0: Swinging Strike 1-1: Foul Ball, location: 2F 1-2: Ball 2-2: Strikes out swinging
|
Top of the 5th over - 0 runs, 0 hits, 0 errors, 0 left on base; Oklahoma City 3 - New Orleans 0 |
BOTTOM OF THE 5TH |
New Orleans Zephyrs batting - Pitching for Oklahoma City Dodgers : RHP Eddie Usrey
|
Batting: RHB Pat Peterson
|
0-0: Ball 1-0: Foul Ball, location: 2F 1-1: Ball 2-1: Fly out, F7 (Line Drive, 78S, EV 93.1 MPH)
|
Batting: LHB Adrian Young
|
0-0: Called Strike 0-1: SINGLE (Flyball, 56D, EV 86.2 MPH)
|
Batting: RHB Jesus Castillo
|
0-0: Ball Wild Pitch! Adrian Young to second 1-0: Ball 2-0: Swinging Strike 2-1: Called Strike 2-2: Ball 3-2: Strikes out swinging
|
Batting: RHB Torquato Obawole
|
0-0: Foul Ball, location: 2F 0-1: Called Strike 0-2: Strikes out swinging
|
Bottom of the 5th over - 0 runs, 1 hit, 0 errors, 1 left on base; Oklahoma City 3 - New Orleans 0 |
TOP OF THE 6TH |
Oklahoma City Dodgers batting - Pitching for New Orleans Zephyrs : RHP Pat Proctor
|
Batting: LHB Kevin Wiebe
|
0-0: Ball 1-0: Ball 2-0: Ball 3-0: Base on Balls
|
Batting: RHB David Rodgers
|
0-0: Ball 1-0: Swinging Strike 1-1: Swinging Strike 1-2: Ball 2-2: Ball 3-2: Base on Balls Kevin Wiebe to second
|
Batting: RHB Alex Mejia
|
0-0: Called Strike 0-1: Swinging Strike 0-2: Grounds into double play, 6-4-3 (Groundball, 56, EV 107.5 MPH) Kevin Wiebe to third
|
Pitching: RHP Mike Myers
|
|
Batting: RHB Blake Beale
|
0-0: Ball 1-0: Fly out, F7 (Line Drive, 7, EV 98.8 MPH)
|
Top of the 6th over - 0 runs, 0 hits, 0 errors, 1 left on base; Oklahoma City 3 - New Orleans 0 |
BOTTOM OF THE 6TH |
New Orleans Zephyrs batting - Pitching for Oklahoma City Dodgers : RHP Eddie Usrey
|
Batting: LHB Carlos Mosqueda
|
0-0: Called Strike 0-1: Foul Ball, location: 2F 0-2: Ball 1-2: Ground out 6-3 (Groundball, 56, EV 103.8 MPH)
|
Batting: RHB Alex Gomez
|
0-0: Ball 1-0: Foul Ball, location: 2F 1-1: Ground out 4-3 (Groundball, 4, EV 81.9 MPH)
|
Batting: RHB Alex Ramirez
|
0-0: Ground out 6-3 (Groundball, 6, EV 86.9 MPH)
|
Bottom of the 6th over - 0 runs, 0 hits, 0 errors, 0 left on base; Oklahoma City 3 - New Orleans 0 |
TOP OF THE 7TH |
Oklahoma City Dodgers batting - Pitching for New Orleans Zephyrs : RHP Mike Myers
|
Batting: RHB Dave Cordero
|
0-0: Called Strike 0-1: Ball 1-1: Ball 2-1: Ball 3-1: Base on Balls
|
Batting: RHB Ashton Crenshaw
|
0-0: Grounds into double play, 6-4-3 (Groundball, 6, EV 85.0 MPH)
|
Pitching: RHP Al Mendoza
|
|
Batting: RHB Josh Kimbrell
|
0-0: Called Strike 0-1: Ball 1-1: Called Strike 1-2: Strikes out swinging
|
Top of the 7th over - 0 runs, 0 hits, 0 errors, 0 left on base; Oklahoma City 3 - New Orleans 0 |
BOTTOM OF THE 7TH |
New Orleans Zephyrs batting - Pitching for Oklahoma City Dodgers : RHP Eddie Usrey
|
Batting: RHB Omar Contreras
|
0-0: Called Strike 0-1: Fly out, F3 (Popup, 3, EV 83.8 MPH)
|
Batting: RHB Bill de Jesus
|
0-0: Ground out U3 (Groundball, 3, EV 100.0 MPH)
|
Batting: RHB Pat Peterson
|
0-0: Ball 1-0: Called Strike 1-1: Called Strike 1-2: Ground out 5-3 (Groundball, 56S, EV 88.1 MPH)
|
Bottom of the 7th over - 0 runs, 0 hits, 0 errors, 0 left on base; Oklahoma City 3 - New Orleans 0 |
TOP OF THE 8TH |
Oklahoma City Dodgers batting - Pitching for New Orleans Zephyrs : RHP Al Mendoza
|
Batting: LHB Frank Mullen
|
0-0: Ball 1-0: Ball 2-0: Called Strike 2-1: Ground out U3 (Groundball, 34, EV 97.5 MPH)
|
Batting: RHB Jeremy Giesler
|
0-0: Ball 1-0: Swinging Strike 1-1: Ball 2-1: Swinging Strike 2-2: Foul Ball, location: 2F 2-2: SINGLE (Line Drive, 4D, EV 104.4 MPH)
|
Batting: LHB Kevin Wiebe
|
0-0: Ball Jeremy Giesler steals 2nd base 1-0: Intentional Walk
|
Batting: RHB David Rodgers
|
0-0: Ball 1-0: Fly out, F7 (Flyball, 7LM, EV 91.9 MPH)
|
Batting: RHB Alex Mejia
|
0-0: Foul Ball, location: 2F 0-1: Ball 1-1: SINGLE (Flyball, 4MD, EV 101.2 MPH) Jeremy Giesler to third Kevin Wiebe to second Runner from 3rd tries for Home, SAFE, throw by CF to home
|
Batting: RHB Blake Beale
|
0-0: Swinging Strike 0-1: Ball Wild Pitch! Kevin Wiebe to third Alex Mejia to second 1-1: Ball 2-1: Foul Ball, location: 2F 2-2: Ball 3-2: Strikes out swinging
|
Top of the 8th over - 1 run, 2 hits, 0 errors, 2 left on base; Oklahoma City 4 - New Orleans 0 |
BOTTOM OF THE 8TH |
New Orleans Zephyrs batting - Pitching for Oklahoma City Dodgers : RHP Eddie Usrey
|
Batting: LHB Adrian Young
|
0-0: SINGLE (Groundball, 4S, EV 66.2 MPH) (infield hit)
|
Batting: RHB Jesus Castillo
|
0-0: Foul Ball, location: 2F 0-1: Called Strike 0-2: Ball 1-2: Strikes out swinging
|
Batting: RHB Torquato Obawole
|
0-0: Swinging Strike 0-1: Foul Ball, location: 2F 0-2: Fly out, F6 (Flyball, 56D, EV 73.8 MPH)
|
Batting: LHB Carlos Mosqueda
|
0-0: Ball Pickoff Throw by Catcher to First - Out!
|
Bottom of the 8th over - 0 runs, 1 hit, 0 errors, 0 left on base; Oklahoma City 4 - New Orleans 0 |
TOP OF THE 9TH |
Oklahoma City Dodgers batting - Pitching for New Orleans Zephyrs : RHP Al Mendoza
|
Pitching: LHP Patrick Meesters
|
|
Batting: RHB Dave Cordero
|
0-0: Called Strike 0-1: Ball 1-1: Foul Ball, location: 2F 1-2: Ball 2-2: SINGLE (Groundball, 4MD, EV 98.1 MPH)
|
Batting: RHB Ashton Crenshaw
|
0-0: Called Strike 0-1: Ball 1-1: Ball 2-1: Swinging Strike 2-2: Ball 3-2: Strikes out swinging Dave Cordero steals 2nd base Batter strikes out.
|
Batting: RHB Josh Kimbrell
|
0-0: Ball 1-0: Foul Ball, location: 2F 1-1: Foul Ball, location: 2F 1-2: DOUBLE (Flyball, 8RXD, EV 108.8 MPH) Dave Cordero scores
|
Batting: LHB Frank Mullen
|
0-0: Ball 1-0: DOUBLE (Line Drive, 89M, EV 96.2 MPH) Josh Kimbrell scores
|
Batting: RHB Jeremy Giesler
|
0-0: Ball 1-0: Ball 2-0: Ball 3-0: Called Strike 3-1: Ground out 6-3 (Groundball, 6, EV 81.2 MPH) Frank Mullen to third
|
Batting: LHB Kevin Wiebe
|
0-0: Swinging Strike 0-1: Called Strike 0-2: Foul Ball, location: 2F 0-2: Strikes out swinging
|
Top of the 9th over - 2 runs, 3 hits, 0 errors, 1 left on base; Oklahoma City 6 - New Orleans 0 |
BOTTOM OF THE 9TH |
New Orleans Zephyrs batting - Pitching for Oklahoma City Dodgers : RHP Eddie Usrey
|
Batting: LHB Carlos Mosqueda
|
0-0: Ball 1-0: Ball 2-0: SINGLE (Line Drive, 7S, EV 92.5 MPH)
|
Batting: RHB Alex Gomez
|
0-0: Ball 1-0: Swinging Strike 1-1: Ball 2-1: Foul Ball, location: 2F 2-2: Grounds into double play, 6-4-3 (Groundball, 6, EV 94.4 MPH)
|
Batting: RHB Alex Ramirez
|
0-0: SINGLE (Groundball, 34D, EV 98.8 MPH)
|
Pitching: RHP Josh Thorne
|
|
Batting: RHB Omar Contreras
|
0-0: Called Strike 0-1: Ground out 1-3 (Groundball, 13S, EV 67.5 MPH)
|
Bottom of the 9th over - 0 runs, 2 hits, 0 errors, 1 left on base; Oklahoma City 6 - New Orleans 0 |
|